[Event "Skalica Rapid 2020"]
[Site "Skalica"]
[Date "2020.08.29"]
[Round "4.10"]
[White "Janas, Peter"]
[Black "Osicka, Premysl"]
[Result "0-1"]
[ECO "D02"]
[WhiteElo "1562"]
[BlackElo "1590"]
[Annotator "NA"]
[PlyCount "92"]
[EventDate "2020.08.29"]
[EventType "swiss"]
[EventCountry "SVK"]
[SourceTitle "playchess.com"]
[Source "ChessBase"]
[SourceQuality "1"]
[TimeControl "600+5"]

1. Nf3 d5 2. d4 Nf6 3. g3 e6 4. Bg2 c6 5. O-O Nbd7 6. a4 Be7 7. c4 O-O 8. Nc3 dxc4 9. e4 h6 10. Qe2 Re8 11. Qxc4 Nb6 12. Qe2 Bf8 13. Re1 Nbd7 14. h3 Qb6 15. Be3 Qa5 16. Nd2 Qd8 17. Rab1 e5 18. d5 c5 19. Nc4 a6 20. Rbd1 b5 21. axb5 axb5 22. Nxb5 Ba6 23. Nba3 Nb6 24. Qc2 Nxc4 25. Nxc4 Bxc4 26. Qxc4 Qa5 27. Rc1 Nd7 28. Kh2 Reb8 29. Qf1 Rxb2 30. Ra1 Ra2 31. Rxa2 Qxa2 32. Qb5 Qa7 33. Rc1 Rb8 34. Qc4 Rb4 35. Qc3 Qb8 36. f4 Rb3 37. Qd2 Rb2 38. Rc2 Rxc2 39. Qxc2 Qb4 40. g4 c4 41. g5 hxg5 42. fxg5 Qb3 43. Qf2 c3 44. Bc1 Nc5 45. Qe3 Qc2 46. Qxc5 Bxc5 0-1

[Event "Skalica Rapid 2020"]
[Site "Skalica"]
[Date "2020.08.29"]
[Round "4.11"]
[White "Skreno Vladimir"]
[Black "Bidulsky, Matej"]
[Result "1/2-1/2"]
[ECO "B06"]
[WhiteElo "2089"]
[BlackElo "1548"]
[Annotator "ChessBase"]
[PlyCount "86"]
[EventDate "2020.08.29"]
[EventType "swiss"]
[EventCountry "SVK"]
[SourceTitle "playchess.com"]
[Source "ChessBase"]
[SourceQuality "1"]
[TimeControl "600+5"]

1. d4 g6 2. Nc3 Bg7 3. e4 b6 4. Be3 Bb7 5. f3 e6 6. Qd2 d6 7. Bb5+ Nd7 8. Nge2 Ne7 9. h4 h5 10. Bg5 f6 11. Be3 c6 12. Ba4 d5 13. Nf4 Nf8 14. O-O-O b5 15. Bb3 e5 16. Nfe2 exd4 17. Bxd4 a5 18. a4 b4 19. Na2 Ne6 20. exd5 Nxd5 21. Qd3 f5 22. Bxg7 Nxg7 23. Bxd5 Qxd5 24. Qe3+ Qe6 25. Qc5 Qxa2 26. Qe5+ Kf8 27. Qf6+ Kg8 28. Rd7 Rh7 29. b3 Rf8 30. Qe5 c5 31. Rxb7 c4 32. Nf4 c3 33. Qd5+ Ne6 34. Qxe6+ Rhf7 35. Qxg6+ Kh8 36. Qxh5+ Kg8 37. Qg5+ Kh7 38. Qxf5+ Kg8 39. Qg6+ Kh8 40. Qh6+ Kg8 41. Qg5+ Kh7 42. Rxf7+ Rxf7 43. Qg6+ Kh8 1/2-1/2

[Event "Skalica Rapid 2020"]
[Site "Skalica"]
[Date "2020.08.29"]
[Round "4.11"]
[White "Krakovsky, Peter"]
[Black "Fajtakova, Silvia"]
[Result "0-1"]
[ECO "A34"]
[WhiteElo "1661"]
[BlackElo "1509"]
[Annotator "NA"]
[PlyCount "27"]
[EventDate "2020.08.29"]
[EventType "swiss"]
[EventCountry "SVK"]
[SourceTitle "playchess.com"]
[Source "ChessBase"]
[SourceQuality "1"]
[TimeControl "600+5"]

1. c4 c5 2. Nc3 d6 3. g3 Nc6 4. Bg2 Bd7 5. Nf3 Nf6 6. d3 g6 7. O-O Qc8 8. Rb1 Bh3 9. a3 Bxg2 10. Kxg2 h5 11. h4 Nd4 12. b4 Bh6 13. Bxh6 Rxh6 14. Qd2 0-1

[Event "Skalica Rapid 2020"]
[Site "Skalica"]
[Date "2020.08.29"]
[Round "4.12"]
[White "Kubat, Pavel"]
[Black "Stevik Patrik"]
[Result "1-0"]
[ECO "D00"]
[WhiteElo "2066"]
[BlackElo "1895"]
[Annotator "ChessBase"]
[PlyCount "75"]
[EventDate "2020.08.29"]
[EventType "swiss"]
[EventCountry "SVK"]
[SourceTitle "playchess.com"]
[Source "ChessBase"]
[SourceQuality "1"]
[TimeControl "600+5"]

1. d4 d5 2. Bg5 Nf6 3. e3 e6 4. Bd3 Be7 5. Nd2 Nbd7 6. f4 c5 7. c3 h6 8. Bh4 a6 9. Ngf3 b5 10. Qe2 c4 11. Bc2 Bb7 12. O-O O-O 13. Kh1 b4 14. Rg1 bxc3 15. bxc3 Qa5 16. g4 Qxc3 17. Rac1 Qa3 18. g5 hxg5 19. Nb1 Qd6 20. Nxg5 Ne4 21. Nxe4 dxe4 22. Bxe7 Qxe7 23. Qxc4 Nf6 24. Rg2 Rac8 25. Qe2 g6 26. Rcg1 Kg7 27. Bb3 Rh8 28. Nd2 Rc3 29. Nc4 Bd5 30. Ne5 Bxb3 31. axb3 Rh3 32. Nxg6 fxg6 33. Rxg6+ Kh8 34. Qg2 Qh7 35. Rxf6 Rc8 36. Rxe6 Rxe3 37. Qg5 Rf8 38. Qe5+ 1-0

[Event "Skalica Rapid 2020"]
[Site "Skalica"]
[Date "2020.08.29"]
[Round "4.12"]
[White "Gurevich, Michele"]
[Black "Sperat Czar, Nicolas"]
[Result "0-1"]
[ECO "C15"]
[WhiteElo "1107"]
[BlackElo "1737"]
[Annotator "NA"]
[PlyCount "56"]
[EventDate "2020.08.29"]
[EventType "swiss"]
[EventCountry "SVK"]
[SourceTitle "playchess.com"]
[Source "ChessBase"]
[SourceQuality "1"]
[TimeControl "600+5"]

1. e4 e6 2. d4 d5 3. Nc3 Bb4 4. Bd2 Ne7 5. e5 c5 6. Nf3 O-O 7. Be2 Nbc6 8. Be3 Nf5 9. Bg5 Qa5 10. O-O Nfxd4 11. Nxd4 Nxd4 12. a3 Bxc3 13. bxc3 Nxe2+ 14. Qxe2 Qxc3 15. Bd2 Qxc2 16. Rfc1 Qg6 17. Rxc5 Bd7 18. Rc7 Bc6 19. Bb4 d4 20. f3 d3 21. Qf2 Rfc8 22. Rxc8+ Rxc8 23. Qxa7 Bxf3 24. Qf2 Bd5 25. Rf1 Rc2 26. Qg3 Rxg2+ 27. Kh1 Rxg3+ 28. Rf3 Bxf3# 0-1

[Event "Skalica Rapid 2020"]
[Site "Skalica"]
[Date "2020.08.29"]
[Round "4.13"]
[White "Majoros, Rozsa Evelin"]
[Black "Sarmir Milos"]
[Result "1-0"]
[ECO "C97"]
[WhiteElo "1936"]
[BlackElo "2059"]
[Annotator "ChessBase"]
[PlyCount "73"]
[EventDate "2020.08.29"]
[EventType "swiss"]
[EventCountry "SVK"]
[SourceTitle "playchess.com"]
[Source "ChessBase"]
[SourceQuality "1"]
[TimeControl "600+5"]

1. e4 e5 2. Nf3 Nc6 3. Bb5 a6 4. Ba4 Nf6 5. O-O Be7 6. Re1 b5 7. Bb3 d6 8. c3 O-O 9. h3 Na5 10. Bc2 c5 11. d4 Qc7 12. Nbd2 Bd7 13. Nf1 Rfc8 14. d5 c4 15. Ng3 Nb7 16. Nh2 Nc5 17. Qf3 Rf8 18. Ng4 Nxg4 19. hxg4 a5 20. Nf5 Bxf5 21. gxf5 b4 22. g4 b3 23. Bb1 bxa2 24. Rxa2 Nb3 25. Be3 Qd8 26. Kg2 Bg5 27. Rh1 Nd2 28. Qh3 h6 29. Bc2 Nb3 30. Ra4 Bxe3 31. Qxe3 Rc8 32. Rh5 Rc5 33. g5 g6 34. Rxh6 gxf5 35. exf5 Rxd5 36. f6 Qd7 37. Qe4 1-0

[Event "Skalica Rapid 2020"]
[Site "Skalica"]
[Date "2020.08.29"]
[Round "4.14"]
[White "Grieve, Harry"]
[Black "Jablonicky, Frantisek"]
[Result "1-0"]
[ECO "B12"]
[WhiteElo "1887"]
[BlackElo "2038"]
[Annotator "ChessBase"]
[PlyCount "39"]
[EventDate "2020.08.29"]
[EventType "swiss"]
[EventCountry "SVK"]
[SourceTitle "playchess.com"]
[Source "ChessBase"]
[SourceQuality "1"]
[TimeControl "600+5"]

1. e4 c6 2. d4 d5 3. e5 Bf5 4. h4 h5 5. Bd3 Bxd3 6. Qxd3 Qa5+ 7. Nd2 Qa6 8. e6 Qxd3 9. exf7+ Kxf7 10. cxd3 g6 11. Ndf3 Bh6 12. Ne5+ Kg7 13. Rh3 Bxc1 14. Rxc1 Nf6 15. Rg3 Rh6 16. Nh3 Nbd7 17. Nf4 Nxe5 18. dxe5 Ng4 19. d4 Rf8 20. Ne6+ 1-0

[Event "Skalica Rapid 2020"]
[Site "Skalica"]
[Date "2020.08.29"]
[Round "4.15"]
[White "Szucs Vladimir"]
[Black "Krupa Miroslav"]
[Result "0-1"]
[ECO "D36"]
[WhiteElo "2088"]
[BlackElo "1816"]
[Annotator "ChessBase"]
[PlyCount "46"]
[EventDate "2020.08.29"]
[EventType "swiss"]
[EventCountry "SVK"]
[SourceTitle "playchess.com"]
[Source "ChessBase"]
[SourceQuality "1"]
[TimeControl "600+5"]

1. d4 Nf6 2. c4 e6 3. Nc3 d5 4. cxd5 exd5 5. Bg5 Be7 6. e3 Nbd7 7. Bd3 O-O 8. Nf3 c6 9. Qc2 Re8 10. O-O Nf8 11. Rab1 Ng6 12. b4 a6 13. a4 Bd6 14. b5 axb5 15. axb5 h6 16. Bxf6 Qxf6 17. bxc6 bxc6 18. Ne2 Bg4 19. Nd2 Nh4 20. Rfc1 Bxh2+ 21. Kxh2 Qxf2 22. Nf4 Rxe3 23. Rf1 Rh3+ 0-1

[Event "Skalica Rapid 2020"]
[Site "Skalica"]
[Date "2020.08.29"]
[Round "4.16"]
[White "Vadila Ondrej"]
[Black "Havelka, Ondrej"]
[Result "0-1"]
[ECO "A47"]
[WhiteElo "2057"]
[BlackElo "1997"]
[Annotator "ChessBase"]
[PlyCount "144"]
[EventDate "2020.08.29"]
[EventType "swiss"]
[EventCountry "SVK"]
[SourceTitle "playchess.com"]
[Source "ChessBase"]
[SourceQuality "1"]
[TimeControl "600+5"]

1. d4 e6 2. Bf4 Nf6 3. e3 c5 4. Nd2 b6 5. Ngf3 Bb7 6. Nc4 d5 7. Nce5 Nfd7 8. Bb5 a6 9. Ng5 axb5 10. Nexf7 Qf6 11. Nxh8 cxd4 12. Nxh7 Qh4 13. Qd3 Qh5 14. Ng5 e5 15. g4 Qh6 16. Ngf7 Qe6 17. Bg3 Bb4+ 18. c3 dxc3 19. bxc3 e4 20. Qd4 Nc6 21. Qxg7 Bf8 22. Qg8 Nce5 23. Bxe5 Nxe5 24. g5 Nxf7 25. Qh7 Nd6 26. Qh5+ Kd7 27. O-O Bg7 28. Ng6 Nf5 29. Nf4 Qe7 30. Qg4 Rf8 31. Rab1 Bc6 32. Rfd1 Kd6 33. a4 Bxc3 34. axb5 Bb7 35. Ng6 Qf7 36. Qf4+ Ke6 37. Nxf8+ Qxf8 38. Qc7 Nh4 39. Qg3 Nf3+ 40. Kf1 Be5 41. Qg4+ Kd6 42. Ke2 Bc8 43. Qxe4 Be6 44. Rbc1 Nxg5 45. Rc6+ Kd7 46. Qxe5 Qf3+ 47. Ke1 Qh1+ 48. Kd2 Nf3+ 49. Kc2 Qxd1+ 50. Kxd1 Nxe5 51. Rxb6 Bg4+ 52. Kc2 Bf5+ 53. Kc3 Be4 54. h3 Kc7 55. Re6 Nf3 56. Rh6 Kb7 57. Kb4 Ne1 58. f4 Ng2 59. Kc5 Nxe3 60. Re6 Nf5 61. Rf6 d4 62. Rf7+ Kc8 63. Rf8+ Kd7 64. b6 d3 65. Rf7+ Kc8 66. Rf8+ Kd7 67. Rf7+ Ne7 68. Kd4 d2 69. Kxe4 d1=Q 70. Rf6 Qd5+ 71. Ke3 Nf5+ 72. Ke2 Qc4+ 0-1

[Event "Skalica Rapid 2020"]
[Site "Skalica"]
[Date "2020.08.29"]
[Round "4.17"]
[White "Gzib, David"]
[Black "Striskova Lucia"]
[Result "1/2-1/2"]
[ECO "C33"]
[WhiteElo "1770"]
[BlackElo "1484"]
[Annotator "NA"]
[PlyCount "98"]
[EventDate "2020.08.29"]
[EventType "swiss"]
[EventCountry "SVK"]
[SourceTitle "playchess.com"]
[Source "ChessBase"]
[SourceQuality "1"]
[TimeControl "600+5"]

1. e4 e5 2. f4 exf4 3. Nf3 Nc6 4. Bc4 d6 5. O-O Nf6 6. Nc3 Be7 7. d4 O-O 8. Bxf4 Bg4 9. Be3 a6 10. h3 Bh5 11. a3 Re8 12. Qd3 h6 13. e5 dxe5 14. Nxe5 Nxe5 15. dxe5 Qxd3 16. cxd3 Nd7 17. d4 c5 18. e6 fxe6 19. Bxe6+ Kh8 20. Bxd7 Red8 21. dxc5 Rxd7 22. g4 Bg6 23. Rad1 Rad8 24. Rxd7 Rxd7 25. Rd1 Rxd1+ 26. Nxd1 Bf6 27. b4 Bc2 28. Nf2 Bb2 29. Bd2 Bxa3 30. Bc3 a5 31. bxa5 Bxc5 32. Kg2 Kg8 33. Kf3 Bxf2 34. Kxf2 Be4 35. Ke3 Bg2 36. h4 g6 37. Kf4 Kf7 38. Bd4 h5 39. g5 Ke6 40. Bf2 Bc6 41. Ke3 Kf5 42. Kd4 Kg4 43. Kc5 Bg2 44. Kb6 Be4 45. Kc7 Kf3 46. Be1 Ke2 47. Bb4 Kf3 48. Kd6 Kg4 49. Be1 Kf5 1/2-1/2

[Event "Skalica Rapid 2020"]
[Site "Skalica"]
[Date "2020.08.29"]
[Round "4.18"]
[White "Cedzo Adam"]
[Black "Takacs Laszlo"]
[Result "0-1"]
[ECO "B52"]
[WhiteElo "1585"]
[BlackElo "2128"]
[Annotator "ChessBase"]
[PlyCount "88"]
[EventDate "2020.08.29"]
[EventType "swiss"]
[EventCountry "SVK"]
[SourceTitle "playchess.com"]
[Source "ChessBase"]
[SourceQuality "1"]
[TimeControl "600+5"]

1. e4 c5 2. Nf3 d6 3. Bb5+ Bd7 4. Qe2 Nf6 5. O-O e6 6. c3 Be7 7. d4 cxd4 8. cxd4 d5 9. e5 Ne4 10. Nbd2 Nxd2 11. Bxd2 O-O 12. Bd3 Nc6 13. h3 Qb6 14. Bg5 Nxd4 15. Nxd4 Bxg5 16. Qh5 h6 17. Nf3 Be7 18. Nh2 Bb5 19. Rfd1 Bxd3 20. Rxd3 Qxb2 21. Rad1 f5 22. exf6 Qxf6 23. Qe2 Bc5 24. Ng4 Qf5 25. Rg3 Kh8 26. Rf3 Qe4 27. Rxf8+ Rxf8 28. Qd2 h5 29. Ne3 b6 30. Qe2 g6 31. Qb2+ Kh7 32. Qb3 a5 33. Rc1 a4 34. Qc3 d4 35. Qc2 Qf4 36. Nd1 e5 37. Qe2 e4 38. Rc4 Rf7 39. g3 Qf3 40. Qxf3 Rxf3 41. Kg2 Ra3 42. Rc2 d3 43. Rd2 Bd4 44. f3 e3 0-1

[Event "Skalica Rapid 2020"]
[Site "Skalica"]
[Date "2020.08.29"]
[Round "5.1"]
[White "Basso, Pier Luigi"]
[Black "Yankelevich, Lev"]
[Result "1-0"]
[ECO "E80"]
[WhiteElo "2443"]
[BlackElo "2388"]
[Annotator "ChessBase"]
[PlyCount "85"]
[EventDate "2020.08.29"]
[EventType "swiss"]
[EventCountry "SVK"]
[SourceTitle "playchess.com"]
[Source "ChessBase"]
[SourceQuality "1"]
[TimeControl "600+5"]

1. d4 Nf6 2. c4 g6 3. f3 c5 4. d5 d6 5. Nc3 Bg7 6. e4 e6 7. Nge2 exd5 8. cxd5 a6 9. a4 Nbd7 10. Ng3 h5 11. Be2 Nh7 12. Be3 h4 13. Nf1 f5 14. exf5 gxf5 15. Qd2 Qf6 16. Bf4 Ne5 17. Ne3 O-O 18. Bxe5 Qxe5 19. Nc4 Qf6 20. Nb6 Rb8 21. O-O-O Qd4 22. Bc4 Qxd2+ 23. Kxd2 Bh6+ 24. Kc2 f4 25. Rhe1 Bf5+ 26. Bd3 Bxd3+ 27. Kxd3 Rfe8 28. Ne4 Rbd8 29. b3 Kf7 30. Nc4 Bf8 31. a5 Kg6 32. g3 hxg3 33. hxg3 fxg3 34. Rg1 Be7 35. Rxg3+ Kf7 36. Rh1 Rh8 37. Rgh3 Kg7 38. f4 Rdf8 39. Rg1+ Kf7 40. Rh6 Nf6 41. Ncxd6+ Bxd6 42. Rxf6+ Ke7 43. Rg7+ 1-0

[Event "Skalica Rapid 2020"]
[Site "Skalica"]
[Date "2020.08.29"]
[Round "5.2"]
[White "Pechac, Jergus"]
[Black "Pacher Milan"]
[Result "1-0"]
[ECO "D02"]
[WhiteElo "2430"]
[BlackElo "2452"]
[Annotator "ChessBase"]
[PlyCount "51"]
[EventDate "2020.08.29"]
[EventType "swiss"]
[EventCountry "SVK"]
[SourceTitle "playchess.com"]
[Source "ChessBase"]
[SourceQuality "1"]
[TimeControl "600+5"]

1. d4 d5 2. Nf3 Nf6 3. Bf4 e6 4. e3 Bd6 5. Nbd2 O-O 6. Ne5 b6 7. h4 c5 8. c3 Qe7 9. h5 Nfd7 10. h6 g6 11. Qg4 Kh8 12. Qg3 Bxe5 13. dxe5 f6 14. exf6 Qxf6 15. Nf3 Kg8 16. O-O-O Nc6 17. Bb5 Bb7 18. Bg5 Qf7 19. Rh4 e5 20. Rxd5 Rae8 21. Rd6 e4 22. Rf4 Qxa2 23. Rxd7 Na5 24. Nd2 Ba6 25. Rxf8+ Rxf8 26. Qe5 1-0

[Event "Skalica Rapid 2020"]
[Site "Skalica"]
[Date "2020.08.29"]
[Round "5.2"]
[White "Sobek, Michal"]
[Black "Ihnat, Marek"]
[Result "1-0"]
[ECO "B36"]
[WhiteElo "2113"]
[BlackElo "1738"]
[Annotator "ChessBase"]
[PlyCount "49"]
[EventDate "2020.08.29"]
[EventType "swiss"]
[EventCountry "SVK"]
[SourceTitle "playchess.com"]
[Source "ChessBase"]
[SourceQuality "1"]
[TimeControl "600+5"]

1. e4 c5 2. Nf3 Nc6 3. d4 cxd4 4. Nxd4 g6 5. c4 Nf6 6. Nc3 d6 7. Be2 Nxd4 8. Qxd4 Bg7 9. Be3 O-O 10. Qd2 a5 11. f3 a4 12. O-O Qa5 13. Rab1 Be6 14. b3 axb3 15. axb3 Rfc8 16. f4 Ng4 17. Bd4 Bxd4+ 18. Qxd4 Qc5 19. Qxc5 Rxc5 20. f5 gxf5 21. exf5 Nxh2 22. Kxh2 Bxf5 23. Rb2 Bg6 24. Nd5 e6 25. b4 1-0

[Event "Skalica Rapid 2020"]
[Site "Skalica"]
[Date "2020.08.29"]
[Round "5.3"]
[White "Vadila, Ondrej"]
[Black "Meszaros, Casey Ryan"]
[Result "1-0"]
[ECO "C45"]
[WhiteElo "2057"]
[BlackElo "1478"]
[Annotator "ChessBase"]
[PlyCount "71"]
[EventDate "2020.08.29"]
[EventType "swiss"]
[EventCountry "SVK"]
[SourceTitle "playchess.com"]
[Source "ChessBase"]
[SourceQuality "1"]
[TimeControl "600+5"]

1. e4 e5 2. Nf3 Nc6 3. d4 exd4 4. Nxd4 Bc5 5. Nb3 Bb6 6. Nc3 d6 7. Qe2 Nf6 8. Be3 O-O 9. O-O-O Bxe3+ 10. Qxe3 a5 11. f3 a4 12. Nd4 a3 13. b3 Re8 14. g4 Ne5 15. Be2 c6 16. h3 b5 17. g5 Nh5 18. f4 b4 19. fxe5 bxc3 20. Bxh5 dxe5 21. Nxc6 Qc7 22. Nb4 Bb7 23. Nd5 Bxd5 24. Rxd5 Rad8 25. Rhd1 Rxd5 26. Rxd5 Qc6 27. Qc5 Qa6 28. Rd3 Qe6 29. Qxc3 f6 30. Bxe8 Qxe8 31. Qc7 fxg5 32. Rd8 Qxd8 33. Qxd8+ Kf7 34. Qxg5 h6 35. Qxe5 Kg6 36. Qf5# 1-0

[Event "Skalica Rapid 2020"]
[Site "Skalica"]
[Date "2020.08.29"]
[Round "5.3"]
[White "Pniaczek, Marek"]
[Black "Manik Mikulas"]
[Result "1/2-1/2"]
[ECO "B51"]
[WhiteElo "1969"]
[BlackElo "2313"]
[Annotator "ChessBase"]
[PlyCount "51"]
[EventDate "2020.08.29"]
[EventType "swiss"]
[EventCountry "SVK"]
[SourceTitle "playchess.com"]
[Source "ChessBase"]
[SourceQuality "1"]
[TimeControl "600+5"]

1. e4 c5 2. Nf3 d6 3. Bb5+ Nd7 4. d4 cxd4 5. Qxd4 a6 6. Bxd7+ Bxd7 7. O-O Rc8 8. c4 e5 9. Qd3 h6 10. Nc3 Nf6 11. b3 Be7 12. Ba3 Qa5 13. Bb2 O-O 14. Rfd1 Rfd8 15. a4 Be6 16. Ba3 Bf8 17. Rac1 Qb6 18. Rb1 g6 19. h3 Kg7 20. Rd2 Rd7 21. Qc2 Rdd8 22. Rbd1 Rd7 23. Rd3 Rdd8 24. R1d2 Rd7 25. Qd1 Rcd8 26. Qc2 1/2-1/2

[Event "Skalica Rapid 2020"]
[Site "Skalica"]
[Date "2020.08.29"]
[Round "5.4"]
[White "Samoun Florent"]
[Black "Kubat, Pavel"]
[Result "1-0"]
[ECO "A01"]
[WhiteElo "2228"]
[BlackElo "2066"]
[Annotator "ChessBase"]
[PlyCount "105"]
[EventDate "2020.08.29"]
[EventType "swiss"]
[EventCountry "SVK"]
[SourceTitle "playchess.com"]
[Source "ChessBase"]
[SourceQuality "1"]
[TimeControl "600+5"]

1. e4 d6 2. Nc3 Nf6 3. b3 e5 4. Bb2 Be7 5. d4 O-O 6. Nf3 Bg4 7. dxe5 Bxf3 8. Qxf3 dxe5 9. Rd1 Nbd7 10. Be2 a6 11. O-O Bd6 12. Rfe1 Qe7 13. Bf1 c6 14. Ne2 Ba3 15. Ba1 Bb4 16. c3 Bc5 17. Ng3 g6 18. Bb2 Ba3 19. Bxa3 Qxa3 20. Rd2 Qe7 21. Red1 Nc5 22. b4 Ne6 23. Bc4 Rad8 24. Bxe6 fxe6 25. Qe2 Rxd2 26. Qxd2 Kg7 27. f3 h5 28. Nf1 h4 29. Ne3 h3 30. Qd6 Qxd6 31. Rxd6 Kf7 32. Nc4 Ke7 33. Rd2 Nd7 34. Kf2 hxg2 35. Kxg2 b5 36. Ne3 Nf6 37. c4 Nh5 38. cxb5 axb5 39. Ng4 Nf4+ 40. Kg3 Nh5+ 41. Kf2 Nf6 42. Nxe5 Nxe4+ 43. Ke2 Nxd2 44. Nxg6+ Kf7 45. Nxf8 Nxf3 46. Kxf3 Kxf8 47. Ke4 Ke7 48. Ke5 Kf7 49. h4 Ke7 50. h5 Kf7 51. h6 Kg6 52. Kxe6 Kxh6 53. Kd6 1-0

[Event "Skalica Rapid 2020"]
[Site "Skalica"]
[Date "2020.08.29"]
[Round "5.4"]
[White "Chlpek, Daniel"]
[Black "Szucs, Vladimir"]
[Result "1-0"]
[ECO "A16"]
[WhiteElo "1879"]
[BlackElo "2088"]
[Annotator "ChessBase"]
[PlyCount "135"]
[EventDate "2020.08.29"]
[EventType "swiss"]
[EventCountry "SVK"]
[SourceTitle "playchess.com"]
[Source "ChessBase"]
[SourceQuality "1"]
[TimeControl "600+5"]

1. c4 Nf6 2. Nc3 g6 3. d4 c5 4. d5 Bg7 5. h4 h5 6. e4 d6 7. Be2 Na6 8. Bg5 Nc7 9. Qc2 a6 10. a4 Rb8 11. Nh3 Bd7 12. a5 b5 13. axb6 Rxb6 14. Nf4 Qb8 15. Nd3 O-O 16. O-O e6 17. Qd2 exd5 18. exd5 Re8 19. Qf4 Bf5 20. f3 Rxe2 21. Nxe2 Bxd3 22. Bxf6 Bxf6 23. Qxf6 Bxe2 24. Rfe1 Bxc4 25. Re7 Bxd5 26. Rae1 Qd8 27. Re8+ Qxe8 28. Rxe8+ Nxe8 29. Qd8 Rxb2 30. Qxe8+ Kg7 31. Qe7 Rb6 32. g4 hxg4 33. fxg4 c4 34. g5 Rc6 35. Qf6+ Kh7 36. Qd4 Be6 37. h5 Rc5 38. hxg6+ Kxg6 39. Qf6+ Kh5 40. Qh6+ Kg4 41. g6 Rh5 42. Qe3 Re5 43. Qd4+ Kh5 44. g7 Rg5+ 45. Kh2 d5 46. Qf6 Rg4 47. Qf3 f5 48. Kh3 Kg6 49. Qe3 Re4 50. Qg3+ Kh7 51. Qg5 Rg4 52. Qf6 Rg6 53. Qe7 Bg8 54. Kh2 Rxg7 55. Qh4+ Kg6 56. Qg3+ Kf6 57. Qd6+ Be6 58. Qd8+ Kg6 59. Qd6 Kf6 60. Qd8+ Re7 61. Qf8+ Rf7 62. Qd8+ Kg7 63. Qg5+ Kh8 64. Qd8+ Kg7 65. Qg5+ Kh7 66. Qh5+ Kg8 67. Qg6+ Rg7 68. Qxe6+ 1-0

[Event "Skalica Rapid 2020"]
[Site "Skalica"]
[Date "2020.08.29"]
[Round "5.5"]
[White "Sperat Czar, Nicolas"]
[Black "Romanova, Ela"]
[Result "1/2-1/2"]
[ECO "B34"]
[WhiteElo "1737"]
[BlackElo "1529"]
[Annotator "NA"]
[PlyCount "80"]
[EventDate "2020.08.29"]
[EventType "swiss"]
[EventCountry "SVK"]
[SourceTitle "playchess.com"]
[Source "ChessBase"]
[SourceQuality "1"]
[TimeControl "600+5"]

1. e4 c5 2. Nf3 Nc6 3. d4 cxd4 4. Nxd4 g6 5. Nc3 Bg7 6. Be3 Nf6 7. Qd2 O-O 8. f3 d5 9. Nxc6 bxc6 10. Be2 Bb7 11. O-O dxe4 12. Qxd8 Rfxd8 13. Nxe4 Nxe4 14. fxe4 a5 15. Rad1 e6 16. Bb6 Rxd1 17. Rxd1 c5 18. Bf3 Bxb2 19. Rd7 Bd4+ 20. Kh1 Bc8 21. Rc7 Rb8 22. g3 Rxb6 23. Rxc8+ Kg7 24. Ra8 Bc3 25. Be2 Rb2 26. Bd3 Rxa2 27. Kg1 c4 28. Bxc4 Rxc2 29. Bb5 Rb2 30. Ba4 Rb4 31. Bc6 Rc4 32. Be8 Rxe4 33. Kg2 Kf6 34. Ra7 Ke5 35. Rxf7 a4 36. Ra7 Bb2 37. Rxa4 Rxa4 38. Bxa4 Kd4 39. Kf3 e5 40. Bc2 Bc3 1/2-1/2

[Event "Skalica Rapid 2020"]
[Site "Skalica"]
[Date "2020.08.29"]
[Round "5.7"]
[White "Krupa Miroslav"]
[Black "Abel, Peter"]
[Result "1-0"]
[ECO "B04"]
[WhiteElo "1816"]
[BlackElo "2200"]
[Annotator "ChessBase"]
[PlyCount "125"]
[EventDate "2020.08.29"]
[EventType "swiss"]
[EventCountry "SVK"]
[SourceTitle "playchess.com"]
[Source "ChessBase"]
[SourceQuality "1"]
[TimeControl "600+5"]

1. e4 Nf6 2. e5 Nd5 3. d4 d6 4. c4 Nb6 5. exd6 cxd6 6. Nc3 g6 7. h3 Bg7 8. Nf3 O-O 9. Be2 Bf5 10. O-O d5 11. c5 Nc4 12. b3 Na5 13. Bf4 Nbc6 14. Qd2 Re8 15. Bb5 Rc8 16. Rfe1 h5 17. Rad1 Rf8 18. Bh6 b6 19. Bxg7 Kxg7 20. cxb6 axb6 21. Bf1 Re8 22. Nh4 Bd7 23. Nxd5 e6 24. Nc3 Qxh4 25. Ne4 Red8 26. Nd6 Rb8 27. Qb2 Kg8 28. Ne4 Rf8 29. d5 e5 30. dxc6 Bxc6 31. Qxe5 Bxe4 32. Rxe4 Nc6 33. Rxh4 Nxe5 34. Rd5 Nc6 35. Rd6 Ne7 36. Rb4 Rfc8 37. Rdxb6 Rxb6 38. Rxb6 Nd5 39. Rb7 Nc7 40. Bc4 Kg7 41. a4 Kf6 42. a5 Ne8 43. Rxf7+ Ke5 44. Re7+ Kd4 45. Rb7 Nd6 46. Rd7 Kc5 47. Be6 Ra8 48. b4+ Kc6 49. Rg7 Rb8 50. Rxg6 Rxb4 51. Rh6 Rb5 52. a6 Ra5 53. Bf7 Rxa6 54. Bxh5 Ra3 55. Bf3+ Kc5 56. h4 Nf7 57. Rf6 Ne5 58. h5 Nd7 59. Rf5+ Kc4 60. h6 Ra6 61. Rh5 Ra1+ 62. Kh2 Nf6 63. h7 1-0

[Event "Skalica Rapid 2020"]
[Site "Skalica"]
[Date "2020.08.29"]
[Round "5.7"]
[White "Stos, Radek"]
[Black "Dubanova, Kristina"]
[Result "1-0"]
[ECO "C70"]
[WhiteElo "1790"]
[BlackElo "1128"]
[Annotator "NA"]
[PlyCount "50"]
[EventDate "2020.08.29"]
[EventType "swiss"]
[EventCountry "SVK"]
[SourceTitle "playchess.com"]
[Source "ChessBase"]
[SourceQuality "1"]
[TimeControl "600+5"]

1. e4 e5 2. Nf3 Nc6 3. Bb5 a6 4. Ba4 b5 5. Bb3 Nf6 6. d3 Bc5 7. O-O h6 8. c3 d6 9. h3 Be6 10. Bc2 d5 11. exd5 Nxd5 12. Re1 Qf6 13. d4 exd4 14. c4 bxc4 15. Ba4 Nde7 16. Ne5 Bd5 17. Qg4 Be6 18. Qg3 Bd5 19. Nxc6 Bxc6 20. Bxc6+ Qxc6 21. Bf4 Bd6 22. Qxg7 Rg8 23. Qxg8+ Kd7 24. Qxf7 Rb8 25. Qe6+ Kd8 1-0

[Event "Skalica Rapid 2020"]
[Site "Skalica"]
[Date "2020.08.29"]
[Round "5.9"]
[White "Osicka, Premysl"]
[Black "Bucek, Miroslav"]
[Result "1-0"]
[ECO "D02"]
[WhiteElo "1590"]
[BlackElo "1422"]
[Annotator "NA"]
[PlyCount "175"]
[EventDate "2020.08.29"]
[EventType "swiss"]
[EventCountry "SVK"]
[SourceTitle "playchess.com"]
[Source "ChessBase"]
[SourceQuality "1"]
[TimeControl "600+5"]

1. d4 d5 2. Bf4 Nf6 3. Nf3 Bf5 4. e3 e6 5. c3 Bd6 6. Bg3 O-O 7. Bd3 Bxd3 8. Qxd3 h6 9. Nbd2 Nbd7 10. e4 dxe4 11. Nxe4 Nxe4 12. Qxe4 Bxg3 13. hxg3 c6 14. O-O-O Nf6 15. Qh4 Nh7 16. g4 Qxh4 17. Rxh4 f6 18. Re1 Rfe8 19. Nd2 Rad8 20. Ne4 b6 21. f4 Nf8 22. g5 f5 23. Ng3 Ng6 24. Rh2 Nxf4 25. Reh1 hxg5 26. Rh8+ Kf7 27. R8h7 Nxg2 28. Nh5 Rg8 29. Ng3 f4 30. Ne4 g4 31. Ng5+ Kf6 32. Ne4+ Kf7 33. R1h6 Ke7 34. Ng5 Rd6 35. Ne4 Rd7 36. Rg6 g3 37. Ng5 Rd6 38. Nf3 e5 39. Rgxg7+ Rxg7 40. Rxg7+ Kf8 41. dxe5 Re6 42. Rxa7 Ne3 43. Ra8+ Ke7 44. Ra7+ Kd8 45. Rf7 g2 46. Rxf4 Rxe5 47. Kd2 Nf1+ 48. Kd3 Rg5 49. Ke2 g1=Q 50. Nxg1 Rxg1 51. Rxf1 Rg2+ 52. Rf2 Rg1 53. Kd3 Kc7 54. Kc4 b5+ 55. Kb3 Kb6 56. a4 bxa4+ 57. Kxa4 Ra1+ 58. Kb3 c5 59. Kc4 Ra4+ 60. b4 cxb4 61. cxb4 Ra1 62. Rf6+ Kc7 63. Kb5 Rb1 64. Rc6+ Kb7 65. Rh6 Kc7 66. Rh5 Kb7 67. Rc5 Ka7 68. Rc7+ Kb8 69. Rh7 Kc8 70. Kc6 Rc1+ 71. Kb6 Rb1 72. b5 Kd8 73. Rc7 Rb2 74. Rc5 Ra2 75. Kb7 Ra5 76. Rc8+ Kd7 77. b6 Rb5 78. Rc7+ Kd8 79. Ka6 Rb3 80. Rc5 Ra3+ 81. Kb7 Rb3 82. Rc6 Kd7 83. Rh6 Ra3 84. Kb8 Ra6 85. Kb7 Ra3 86. Rh4 Ra2 87. Rd4+ Ke7 88. Kb8 1-0